 Dungeon Crawl Stone Soup version 0.26.1-2-gb8aa6d0cf2 (webtiles) character file.

Game seed: 12360505538565841607

60 Gadfly the Cudgeller (level 3, -13/36 HPs)
             Began as a Troll Berserker on Feb 27, 2021.
             Was a Believer of Trog.
             Killed by divine providence
             ... invoked by an orc priest
              (15 damage)
             ... on level 2 of the Dungeon.
             The game lasted 00:02:25 (985 turns).

Gadfly the Cudgeller (Troll Berserker)               Turns: 985, Time: 00:02:26

Health: -13/36     AC: 10    Str: 25    XL:     3   Next: 82%
Magic:  2/2        EV: 10    Int:  3    God:    Trog [**....]
Gold:   50         SH:  0    Dex: 10    Spells: 2/2 levels left

rFire    . . .     SeeInvis .   a - +0 mace
rCold    . . .     Faith    .   (no shield)
rNeg     . . .     Spirit   .   e - +0 animal skin
rPois    .         Reflect  .   (helmet restricted)
rElec    .         Harm     .   (no cloak)
rCorr    .         Rampage  .   (gloves unavailable)
Will     .....                  (boots unavailable)
Stlth    +.........             (no amulet)
HPRegen  0.52/turn              c - +4 ring of protection
MPRegen  0.08/turn              (no ring)

@: brilliant, lethally poisoned (-13 -> -14)
A: large, unfitting armour, claws 3, regeneration 1, shaggy fur 1, tough skin 3
a: Renounce Religion, Berserk, Trog's Hand


You were on level 2 of the Dungeon.
You worshipped Trog.
Trog was pleased with you.
You visited 1 branch of the dungeon, and saw 2 of its levels.

You collected 50 gold pieces.

Inventory:

Hand Weapons
 a - a +0 mace (weapon)
 b - a +0 whip of holy wrath
Armour
 e - a +0 animal skin (worn)
Jewellery
 c - a +4 ring of protection (left claw)
Scrolls
 j - a scroll of enchant armour {unknown}
 k - 2 scrolls of identify {unknown}
Potions
 f - a potion of flight {unknown}
 g - a potion of ambrosia {unknown}
 h - a potion of degeneration {unknown}
 i - a potion of heal wounds {unknown}


   Skills:
 - Level 2.4 Fighting
 + Level 3.0 Maces & Flails
 * Level 1.6 Armour
 - Level 2.4 Dodging
 * Level 1.5 Evocations


You had 2 spell levels left.
You didn't know any spells.
Your spell library was empty.

Dungeon Overview and Level Annotations

Branches:
Dungeon (2/15)

Altars:


Innate Abilities, Weirdness & Mutations

You are too large for most types of armour.
You have claws for hands.
Your natural rate of healing is unusually fast.
You are covered in fur. (AC +1)
You have extremely tough skin. (AC +3)


Message History

The orc priest is moderately wounded.
The orc wizard hits you but does no damage.
The kobold barely misses you. The orc priest barely misses you.
The orc wizard gestures wildly while chanting.
The orc wizard blinks!
You hit the orc priest.
The orc priest is heavily wounded.
The orc wizard hits you but does no damage.
The kobold misses you. The orc priest hits you with a +0 mace.
* * * LOW HITPOINT WARNING * * *
The orc wizard casts a spell.
The orc wizard blinks!
The kobold barely misses you.
It was a potion of brilliance.
You feel clever all of a sudden.
The orc wizard gestures wildly while chanting.
The orc wizard blinks!
The orc hits you with a +0 club.
* * * LOW HITPOINT WARNING * * *
The orc priest mumbles some strange prayers to Beogh against you.
Beogh smites you!
You die...

... ... # ..
.# ##.##.#
......#
#.[.#.#
>.#.####o..#.#
.....bK@o..#.#
..#.####§....#
..####....o#
............#
.####.#..)..#
#.#§....#
#.###.###
#..####.###.#
#...........#


You could see an orc priest, an orc wizard (fast), an orc, a bat and a kobold.

Vanquished Creatures
  An adder (D:2)
  A worm (D:2)
  3 dart slugs (D:1)
  2 leopard geckos (D:1)
  5 bats (D:1)
  2 giant cockroaches (D:1)
  5 goblins
  2 hobgoblins (D:1)
  8 kobolds
  A quokka (D:2)
  A ball python (D:1)
  5 frilled lizards
  7 rats
43 creatures vanquished.

Notes
Turn   | Place    | Note
-------+----------+-------------------------------------------
     0 | D:1      | Gadfly the Troll Berserker began the quest for the Orb.
     0 | D:1      | Reached XP level 1. HP: 22/22 MP: 0/0
   158 | D:1      | Reached XP level 2. HP: 29/29 MP: 1/1
   233 | D:1      | Reached skill level 1 in Armour
   349 | D:1      | Reached skill level 1 in Evocations
   385 | D:1      | Reached ** piety under Trog
   413 | D:1      | Reached XP level 3. HP: 22/36 MP: 2/2
   503 | D:1      | Reached skill level 3 in Maces & Flails
   985 | D:2      | Killed from afar by an orc priest

Illustrated notes

Levels and vault maps discovered:
D:1:      eino_arrival_druids_welcome, layout_basic, minmay_hedge_maze
D:2:      layout_loops_ring, minmay_tripent

Skill      XL: |  1  2  3 |
---------------+----------+-----
Armour         | 1 |  1.6
Evocations     | 1 |  1.5
Maces & Flails | 3 |  3.0
Fighting       | |  2.4
Dodging        | |  2.4

Action                   || total
-------------------------++-------
Melee: Mace              ||   124
  Use: Scroll            ||     2
       Potion            ||     1
 Stab: Sleeping          ||     1
Armor: Animal skin       ||    64
Dodge: Dodged            ||   104
